Griffins vs Eagles
Created - December 18, 2023 at 19:31
Goals
|
| Griffins |
1 |
1 |
1 |
3 |
| Eagles |
0 |
0 |
4 |
4 |
|
Shots
|
| Griffins |
11 |
6 |
14 |
31 |
| Eagles |
6 |
11 |
20 |
37 |
|
1st period
1. Griffins , Filip Hronek 6 (Lucas Lessio 20, Martin Frk 24) at 3:50 (PP)
Penalties :
Tyler Motte (Col) for Hooking (Minor) at 2:21, Jonathan Racine (Col) for Holding (Minor) at 18:37
2nd period
2. Griffins , Martin Frk 24 (Lucas Lessio 21) at 9:35
Penalties :
Nils Lundkvist (Gra) for Hooking (Minor) at 12:45
3rd period
3. Eagles , Gabriel Vilardi 6 (Connor Carrick 6, Keaton Middleton 8) at 0:43
4. Griffins , Martin Frk 25 (Lucas Lessio 22, Nico Hischier 33) at 2:49 (PP)
5. Eagles , Daniel Carr 1 (Jonathan Racine 7) at 7:12
6. Eagles , Gabriel Vilardi 7 (Joseph Blandisi 12, Jared McCann 8) at 11:53 (PP)
7. Eagles , Michael Carcone 2 (Keaton Middleton 9, Jared McCann 9) at 16:54
Penalties :
Jonathan Racine (Col) for Holding (Minor) at 2:32, Klim Kostin (Gra) for Hooking (Minor) at 11:31
Goalie Stats
Adam Werner (Gra), 33 saves from 37 shots - (0.892), L, 8-7-0, 59:08 minutes
Adin Hill (Col), 28 saves from 31 shots - (0.903), W, 10-9-3, 60:00 minutes
Players Stats for Griffins
Player Name G A P +/- PIM S H SB GA TA FO MP PP MP PK MP
------------------------------------------------------------------------------------
Brendan Leipsic 0 0 0 0 0 0 2 0 0 0 0/0 6:50 0:00 0:00
Chris Bigras 0 0 0 1 0 2 1 2 0 1 0/0 24:55 1:50 1:06
Christoffer Ehn 0 0 0 0 0 1 2 1 0 0 4/13 17:58 1:27 0:25
Filip Hronek 1 0 1 1 0 2 0 2 0 1 0/0 24:19 1:55 1:06
Ian McCoshen 0 0 0 -2 0 2 1 1 0 1 0/0 18:05 0:00 1:15
Jack Studnicka 0 0 0 0 0 0 0 0 0 0 1/1 6:04 0:00 0:00
Klim Kostin 0 0 0 0 2 1 2 0 0 0 1/1 12:08 0:00 0:24
Lucas Lessio 0 3 3 -2 0 5 5 1 0 0 0/0 23:50 2:18 1:31
Martin Frk 2 1 3 -2 0 7 3 0 0 1 2/2 22:47 2:18 0:25
Morgan Geekie 0 0 0 0 0 0 1 0 1 0 0/0 16:46 0:00 0:49
Nico Hischier 0 1 1 -2 0 3 0 0 0 0 12/30 22:58 2:18 0:15
Nils Lundkvist 0 0 0 -1 2 2 0 1 1 0 0/0 17:00 1:55 0:00
Riley Armstrong 0 0 0 0 0 2 3 1 0 0 3/6 17:32 0:00 0:53
Robbie Russo 0 0 0 -1 0 0 1 2 0 0 0/0 7:15 0:00 1:15
Ryan Pulock 0 0 0 -1 0 0 0 2 0 0 0/0 15:03 0:00 0:00
Sebastian Ahaut 0 0 0 -1 0 0 1 1 0 0 0/0 13:23 1:50 0:00
Sonny Milano 0 0 0 0 0 2 0 0 0 1 0/0 17:28 1:27 0:00
Troy Terry 0 0 0 0 0 2 0 0 0 0 0/0 13:16 1:27 0:00
Players Stats for Eagles
Player Name G A P +/- PIM S H SB GA TA FO MP PP MP PK MP
------------------------------------------------------------------------------------
Chris Calhan 0 0 0 0 0 0 0 0 0 0 1/1 9:35 0:00 0:00
Connor Carrick 0 1 1 1 0 1 1 1 0 0 0/0 23:47 1:14 2:27
Daniel Carr 1 0 1 0 0 2 1 1 0 0 0/0 9:35 0:00 0:00
Gabriel Vilardi 2 0 2 1 0 3 3 0 1 0 3/4 15:56 1:12 0:39
Jack Dougherty 0 0 0 0 0 1 3 1 0 0 0/0 21:04 1:02 1:18
Jared McCann 0 2 2 1 0 1 2 1 1 0 17/29 22:24 1:12 2:37
Jonathan Racine 0 1 1 1 4 2 2 1 0 0 0/0 16:11 0:22 0:00
Joseph Blandisi 0 1 1 1 0 2 1 0 1 0 0/0 15:17 1:12 0:00
Keaton Middleton 0 2 2 1 0 3 1 2 0 0 0/0 20:44 1:02 1:18
Matteson Iacopelli 0 0 0 0 0 3 1 0 0 0 0/0 11:08 0:00 0:00
Mattias Samuelsson 0 0 0 1 0 0 0 1 0 0 0/0 15:04 0:00 0:00
Michael Carcone 1 0 1 1 0 1 0 0 0 0 0/1 18:27 1:09 0:00
Nick Cousins 0 0 0 1 0 6 0 1 1 1 2/2 22:19 1:09 2:37
Pius Suter 0 0 0 0 0 0 3 0 0 0 1/3 9:35 0:00 0:00
Ryan Murphy 0 0 0 0 0 4 2 0 1 1 0/0 23:41 1:02 2:27
Sam Steel 0 0 0 1 0 2 1 0 0 0 3/6 15:44 0:00 1:08
Tyler Motte 0 0 0 0 2 3 1 0 0 0 0/0 13:24 0:00 0:29
Zach Aston-Reese 0 0 0 0 0 3 3 0 0 0 3/7 12:17 1:09 0:00
3 Stars
1 - Gabriel Vilardi (Col)
2 - Martin Frk (Gra)
3 - Jared McCann (Col)
Power Play
Griffins - 2 on 3 Attempt(s) - 66.67%
Eagles - 1 on 2 Attempt(s) - 50.00%
Penalty Kill
Griffins - 1 on 2 Attempt(s) - 50.00%
- Score 0 goal in Penalty Kill
Eagles - 1 on 3 Attempt(s) - 33.33%
- Score 0 goal in Penalty Kill
Team Stat
Griffins - Hits : 22 - Faceoff Wins : 23 - Blocked Shots : 14 - Penalty Minutes : 4
Eagles - Hits : 25 - Faceoff Wins : 30 - Blocked Shots : 9 - Penalty Minutes : 6
Official
Referees : Conor O'Donnell and Corey Syvret
Linesman : Ryan Galloway and Steve Miller
Game Notes
No Game Note
Finance
Level 1 -- Attendance: 1863 (93.15%) -- Ticket Income $130,410
Level 2 -- Attendance: 943 (94.30%) -- Ticket Income $37,720
Total Attendance: 2806 (93.53%)
Total Ticket Income: $168,130
Other Income: $8,406
Total Income: $176,536
Griffins
5 vs 5 Forward
Center Left Wing Right Wing Time % Phy DF OF
1 Nico Hischier Lucas Lessio Martin Frk 40 1 2 2
2 Christoffer Ehn Sonny Milano Morgan Geekie 30 1 2 2
3 Riley Armstrong Klim Kostin Troy Terry 20 1 2 2
4 Riley Armstrong Brendan Leipsic Jack Studnicka 10 1 2 2
5 vs 5 Defense
Defense Defense Time % Phy DF OF
1 Filip Hronek Chris Bigras 40 1 2 2
2 Nils Lundkvist Ryan Pulock 30 1 2 2
3 Sebastian Ahaut Ian McCoshen 20 1 2 2
4 Robbie Russo Ian McCoshen 10 1 2 2
PowerPlay Forward
Center Left Wing Right Wing Time % Phy DF OF
1 Nico Hischier Lucas Lessio Martin Frk 60 1 2 2
2 Christoffer Ehn Sonny Milano Troy Terry 40 1 2 2
PowerPlay Defense
Defense Defense Time % Phy DF OF
1 Filip Hronek Nils Lundkvist 60 1 2 2
2 Sebastian Ahaut Chris Bigras 40 1 2 2
Penalty Kill 4 Players Forward
Center Wing Time % Phy DF OF
1 Riley Armstrong Lucas Lessio 60 1 2 2
2 Christoffer Ehn Martin Frk 40 1 2 2
Penalty Kill 4 Players Defense
Defense Defense Time % Phy DF OF
1 Filip Hronek Chris Bigras 60 1 2 2
2 Ian McCoshen Robbie Russo 40 1 2 2
Penalty Kill - 3 Players Forward
Forward Time % Phy DF OF
1 Riley Armstrong 60 1 2 2
2 Christoffer Ehn 40 1 2 2
Penalty Kill - 3 Players Defense
Defense Defense Time % Phy DF OF
1 Filip Hronek Chris Bigras 60 1 2 2
2 Ian McCoshen Robbie Russo 40 1 2 2
4 vs 4 Forward
Center Wing Time % Phy DF OF
1 Lucas Lessio Christoffer Ehn 60 1 2 2
2 Martin Frk Riley Armstrong 40 1 2 2
4 vs 4 Defense
Defense Defense Time % Phy DF OF
1 Filip Hronek Chris Bigras 60 1 2 2
2 Nils Lundkvist Ryan Pulock 40 1 2 2
Last Minutes Offensive
Center Left Wing Right Wing Defense Defense
Nico Hischier Lucas Lessio Martin Frk Filip Hronek Christoffer Ehn
Last Minutes Defensive
Center Left Wing Right Wing Defense Defense
Christoffer Ehn Lucas Lessio Riley Armstrong Filip Hronek Chris Bigras
Goaltenders
Starting : Adam Werner
Backup : Marcus Hogberg
Extra Forwards
Normal : Nico Hischier, Brendan Leipsic, Morgan Geekie - PP : Nico Hischier, Brendan Leipsic - PK : Morgan Geekie
Extra Defensemen
Normal : Robbie Russo, Nils Lundkvist, Ian McCoshen - PP : Robbie Russo - PK : Nils Lundkvist, Ian McCoshen
Penalty Shots
Sonny Milano, Troy Terry, Ryan Pulock, Lucas Lessio, Klim Kostin
Custom OT Lines Forwards
Lucas Lessio, Christoffer Ehn, Martin Frk, Riley Armstrong, Sonny Milano, Nico Hischier, Troy Terry, Brendan Leipsic, Morgan Geekie, Klim Kostin
Custom OT Lines Defensemen
Filip Hronek, Chris Bigras, Nils Lundkvist, Ryan Pulock, Ian McCoshen
Scratches
Morgan Barron (Healthy), Jack Ramsey (Healthy), Jesse Graham (Healthy), Michael Bunting (Healthy), Conor Timmins (Healthy)
Tyler Lewington (Healthy), Calvin Thurkauf (Healthy), Oskar Steen (Healthy), Nick Swaney (Healthy), Dominik Bokk (Healthy)
Philippe Desrosiers (Healthy)
Eagles
5 vs 5 Forward
Center Left Wing Right Wing Time % Phy DF OF
1 Jared McCann Michael Carcone Nick Cousins 36 1 1 3
2 Sam Steel Joseph Blandisi Gabriel Vilardi 33 1 1 3
3 Zach Aston-Reese Tyler Motte Matteson Iacopelli 21 1 2 2
4 Pius Suter Daniel Carr Chris Calhan 10 1 2 2
5 vs 5 Defense
Defense Defense Time % Phy DF OF
1 Ryan Murphy Jack Dougherty 41 1 2 2
2 Connor Carrick Keaton Middleton 39 1 2 2
3 Mattias Samuelsson Jonathan Racine 20 1 2 2
4 Connor Carrick Ryan Murphy 0 1 2 2
PowerPlay Forward
Center Left Wing Right Wing Time % Phy DF OF
1 Zach Aston-Reese Michael Carcone Nick Cousins 50 1 1 3
2 Jared McCann Joseph Blandisi Gabriel Vilardi 50 1 1 3
PowerPlay Defense
Defense Defense Time % Phy DF OF
1 Connor Carrick Jack Dougherty 55 1 1 3
2 Keaton Middleton Ryan Murphy 45 1 1 3
Penalty Kill 4 Players Forward
Center Wing Time % Phy DF OF
1 Jared McCann Nick Cousins 60 1 3 1
2 Sam Steel Tyler Motte 40 1 3 1
Penalty Kill 4 Players Defense
Defense Defense Time % Phy DF OF
1 Ryan Murphy Connor Carrick 55 1 3 1
2 Jack Dougherty Keaton Middleton 45 1 3 1
Penalty Kill - 3 Players Forward
Forward Time % Phy DF OF
1 Jared McCann 60 1 4 0
2 Tyler Motte 40 1 4 0
Penalty Kill - 3 Players Defense
Defense Defense Time % Phy DF OF
1 Ryan Murphy Jack Dougherty 60 1 4 0
2 Connor Carrick Keaton Middleton 40 1 4 0
4 vs 4 Forward
Center Wing Time % Phy DF OF
1 Zach Aston-Reese Joseph Blandisi 55 1 2 2
2 Sam Steel Nick Cousins 45 1 2 2
4 vs 4 Defense
Defense Defense Time % Phy DF OF
1 Ryan Murphy Jack Dougherty 50 1 2 2
2 Connor Carrick Keaton Middleton 50 1 2 2
Last Minutes Offensive
Center Left Wing Right Wing Defense Defense
Zach Aston-Reese Michael Carcone Nick Cousins Ryan Murphy Connor Carrick
Last Minutes Defensive
Center Left Wing Right Wing Defense Defense
Jared McCann Tyler Motte Nick Cousins Ryan Murphy Connor Carrick
Goaltenders
Starting : Adin Hill
Backup : Daniel Altshuller
Extra Forwards
Normal : Joseph Blandisi, Nick Cousins, Pius Suter - PP : Gabriel Vilardi, Matteson Iacopelli - PK : Gabriel Vilardi
Extra Defensemen
Normal : Keaton Middleton, Connor Carrick, Ryan Murphy - PP : Keaton Middleton - PK : Keaton Middleton, Connor Carrick
Penalty Shots
Nick Cousins, Gabriel Vilardi, Jared McCann, Zach Aston-Reese, Daniel Carr
Custom OT Lines Forwards
Nick Cousins, Joseph Blandisi, Pius Suter, Jared McCann, Zach Aston-Reese, Tyler Motte, Michael Carcone, Sam Steel, Matteson Iacopelli, Gabriel Vilardi
Custom OT Lines Defensemen
Ryan Murphy, Jack Dougherty, Connor Carrick, Keaton Middleton, Mattias Samuelsson
Scratches
Dominik Kubalik (Healthy), Kevin Bahl (Healthy), Mark Friedman (Healthy), Tyler Tucker (Healthy), Michael Dal Colle (Healthy)
Xavier Ouellet (Healthy), Alexander Nylander (Healthy), Max Lajoie (Healthy), Pascal Laberge (Healthy), Marian Studenic (Healthy)
Walker Duehr (Healthy), Zachary Emond (Healthy)
% Time on Ice - Griffins
Lines # - Real PCT - Wanted PCT - Time Play
Normal Forward
1 - 36% - 40% - 18:47
2 - 31% - 30% - 16:04
3 - 22% - 20% - 11:45
4 - 12% - 10% - 6:04
Normal Defense
1 - 40% - 40% - 21:16
2 - 30% - 30% - 15:39
3 - 19% - 20% - 9:48
4 - 11% - 10% - 5:57
PP Forward
1 - 61% - 60% - 2:18
2 - 39% - 40% - 1:27
PP Defense
1 - 51% - 60% - 1:55
2 - 49% - 40% - 1:50
PK Forward
1 - 82% - 60% - 1:56
2 - 18% - 40% - 0:25
PK Defense
1 - 47% - 60% - 1:06
2 - 53% - 40% - 1:15
PK3 Forward
1 - 0% - 60%
2 - 0% - 40%
PK3 Defense
1 - 0% - 60%
2 - 0% - 40%
44 Forward
1 - 0% - 60%
2 - 0% - 40%
44 Defense
1 - 0% - 60%
2 - 0% - 40%
Last Minute Offensive - 1:14
Last Minute Defensive - 0:00
Total
Forward - 60:00
Defense - 60:00
|
% Time on Ice - Eagles
Lines # - Real PCT - Wanted PCT - Time Play
Normal Forward
1 - 33% - 36% - 17:18
2 - 28% - 33% - 14:38
3 - 21% - 21% - 11:08
4 - 18% - 10% - 9:35
Normal Defense
1 - 36% - 41% - 19:11
2 - 35% - 39% - 18:24
3 - 29% - 20% - 15:04
4 - 0% - 0% - 0:00
PP Forward
1 - 49% - 50% - 1:09
2 - 51% - 50% - 1:12
PP Defense
1 - 56% - 55% - 1:19
2 - 44% - 45% - 1:02
PK Forward
1 - 70% - 60% - 2:37
2 - 30% - 40% - 1:08
PK Defense
1 - 65% - 55% - 2:27
2 - 35% - 45% - 1:18
PK3 Forward
1 - 0% - 60%
2 - 0% - 40%
PK3 Defense
1 - 0% - 60%
2 - 0% - 40%
44 Forward
1 - 0% - 55%
2 - 0% - 45%
44 Defense
1 - 0% - 50%
2 - 0% - 50%
Last Minute Offensive - 0:00
Last Minute Defensive - 1:15
Total
Forward - 60:00
Defense - 60:00
|
Play-by-Play
1st period
0:01 of 1st period - Jared McCann wins face-off versus Nico Hischier in neutral zone.
0:10 of 1st period - Snap shot by Nick Cousins.
0:10 of 1st period - Shot Blocked by Filip Hronek.
0:47 of 1st period - Slapshot by Zach Aston-Reese.
0:47 of 1st period - Shot Misses the Net.
0:49 of 1st period - Backhand shot by Keaton Middleton.
0:49 of 1st period - Shot Misses the Net.
0:51 of 1st period - Wrist shot by Zach Aston-Reese.
0:51 of 1st period - Stopped by Adam Werner with a rebound.
0:53 of 1st period - Slapshot by Zach Aston-Reese.
0:53 of 1st period - Shot Misses the Net.
0:55 of 1st period - Slapshot by Keaton Middleton.
0:55 of 1st period - Stopped by Adam Werner with a rebound.
0:57 of 1st period - Wrist shot by Keaton Middleton.
0:57 of 1st period - Shot Misses the Net.
2:21 of 1st period - Minor Penalty to Tyler Motte for Hooking.
2:22 of 1st period - Jared McCann wins face-off versus Nico Hischier in Eagles zone.
2:32 of 1st period - Off-side.
2:33 of 1st period - Nico Hischier wins face-off versus Jared McCann in neutral zone.
3:02 of 1st period - Ryan Murphy is hit by Christoffer Ehn and loses puck.
3:30 of 1st period - Slapshot by Sonny Milano.
3:30 of 1st period - Deflect By Troy Terry.
3:30 of 1st period - Stopped by Adin Hill without a rebound.
3:31 of 1st period - Jared McCann wins face-off versus Nico Hischier in Eagles zone.
3:40 of 1st period - Snap shot by Martin Frk.
3:40 of 1st period - Stopped by Adin Hill without a rebound.
3:41 of 1st period - Nico Hischier wins face-off versus Gabriel Vilardi in Eagles zone.
3:44 of 1st period - Wrist shot by Martin Frk.
3:44 of 1st period - Shot Blocked by Jack Dougherty.
3:46 of 1st period - Wrist shot by Lucas Lessio.
3:46 of 1st period - Shot Blocked by Keaton Middleton.
3:48 of 1st period - Slapshot by Filip Hronek.
3:48 of 1st period - Shot Misses the Net.
3:50 of 1st period - Slapshot by Filip Hronek.
3:50 of 1st period - Goal by Filip Hronek - Griffins : 1 - Eagles : 0.
3:51 of 1st period - Nico Hischier wins face-off versus Jared McCann in neutral zone.
3:56 of 1st period - Backhand shot by Nico Hischier.
3:56 of 1st period - Stopped by Adin Hill with a rebound.
3:58 of 1st period - Wrist shot by Chris Bigras.
3:58 of 1st period - Stopped by Adin Hill with a rebound.
4:04 of 1st period - Snap shot by Martin Frk.
4:04 of 1st period - Stopped by Adin Hill with a rebound.
4:06 of 1st period - Wrist shot by Martin Frk.
4:06 of 1st period - Stopped by Adin Hill with a rebound.
4:16 of 1st period - Keaton Middleton is hit by Chris Bigras and loses puck.
4:25 of 1st period - Slapshot by Gabriel Vilardi.
4:25 of 1st period - Shot Misses the Net.
5:21 of 1st period - Jared McCann is hit by Sebastian Ahaut and loses puck.
6:26 of 1st period - Snap shot by Tyler Motte.
6:26 of 1st period - Shot Misses the Net.
6:48 of 1st period - Snap shot by Joseph Blandisi.
6:48 of 1st period - Shot Misses the Net.
8:12 of 1st period - Snap shot by Nick Cousins.
8:12 of 1st period - Shot Blocked by Chris Bigras.
8:14 of 1st period - Slapshot by Jonathan Racine.
8:14 of 1st period - Stopped by Adam Werner with a rebound.
8:32 of 1st period - Snap shot by Matteson Iacopelli.
8:32 of 1st period - Shot Blocked by Filip Hronek.
8:34 of 1st period - Snap shot by Tyler Motte.
8:34 of 1st period - Shot Misses the Net.
8:36 of 1st period - Slapshot by Keaton Middleton.
8:36 of 1st period - Deflect By Zach Aston-Reese.
8:36 of 1st period - Shot Misses the Net.
8:36 of 1st period - Puck is out of play.
8:37 of 1st period - Gabriel Vilardi wins face-off versus Christoffer Ehn in Griffins zone.
8:48 of 1st period - Snap shot by Sonny Milano.
8:48 of 1st period - Stopped by Adin Hill with a rebound.
9:25 of 1st period - Wrist shot by Lucas Lessio.
9:25 of 1st period - Shot Blocked by Connor Carrick.
9:27 of 1st period - Snap shot by Lucas Lessio.
9:27 of 1st period - Stopped by Adin Hill with a rebound.
9:33 of 1st period - Wrist shot by Nico Hischier.
9:33 of 1st period - Shot Misses the Net.
9:58 of 1st period - Icing by Chris Bigras.
9:59 of 1st period - Christoffer Ehn wins face-off versus Jared McCann in Griffins zone.
10:17 of 1st period - Icing by Jonathan Racine.
10:18 of 1st period - Jared McCann wins face-off versus Nico Hischier in Eagles zone.
10:37 of 1st period - Snap shot by Nick Cousins.
10:37 of 1st period - Stopped by Adam Werner with a rebound.
10:39 of 1st period - Snap shot by Michael Carcone.
10:39 of 1st period - Shot Blocked by Lucas Lessio.
11:02 of 1st period - Slapshot by Jared McCann.
11:02 of 1st period - Shot Misses the Net.
11:04 of 1st period - Wrist shot by Jared McCann.
11:04 of 1st period - Deflect By Michael Carcone.
11:04 of 1st period - Shot Blocked by Sebastian Ahaut.
11:04 of 1st period - Puck is out of play.
11:05 of 1st period - Klim Kostin wins face-off versus Sam Steel in Griffins zone.
11:30 of 1st period - Christoffer Ehn is hit by Matteson Iacopelli and loses puck.
12:01 of 1st period - Pius Suter is hit by Riley Armstrong and loses puck.
12:12 of 1st period - Sebastian Ahaut is hit by Joseph Blandisi and loses puck.
13:09 of 1st period - Sam Steel is hit by Brendan Leipsic and loses puck.
14:10 of 1st period - Snap shot by Lucas Lessio.
14:10 of 1st period - Stopped by Adin Hill without a rebound.
14:11 of 1st period - Sam Steel wins face-off versus Nico Hischier in Eagles zone.
14:45 of 1st period - Snap shot by Martin Frk.
14:45 of 1st period - Shot Misses the Net.
15:13 of 1st period - Snap shot by Nico Hischier.
15:13 of 1st period - Shot Hit the Post.
15:21 of 1st period - Backhand shot by Joseph Blandisi.
15:21 of 1st period - Shot Blocked by Chris Bigras.
15:23 of 1st period - Slapshot by Ryan Murphy.
15:23 of 1st period - Deflect By Gabriel Vilardi.
15:23 of 1st period - Shot Misses the Net.
15:23 of 1st period - Puck is out of play.
15:24 of 1st period - Jared McCann wins face-off versus Christoffer Ehn in Griffins zone.
15:25 of 1st period - Wrist shot by Nick Cousins.
15:25 of 1st period - Stopped by Adam Werner with a rebound.
15:27 of 1st period - Wrist shot by Nick Cousins.
15:27 of 1st period - Shot Blocked by Christoffer Ehn.
15:29 of 1st period - Backhand shot by Keaton Middleton.
15:29 of 1st period - Shot Misses the Net.
15:49 of 1st period - Riley Armstrong is hit by Zach Aston-Reese and loses puck.
16:08 of 1st period - Chris Calhan is hit by Brendan Leipsic and loses puck.
17:00 of 1st period - Nils Lundkvist is hit by Daniel Carr and loses puck.
17:31 of 1st period - Jack Dougherty is hit by Lucas Lessio and loses puck.
17:50 of 1st period - Wrist shot by Zach Aston-Reese.
17:50 of 1st period - Stopped by Adam Werner without a rebound.
17:51 of 1st period - Christoffer Ehn wins face-off versus Zach Aston-Reese in Griffins zone.
17:51 of 1st period - Christoffer Ehn is hit by Zach Aston-Reese.
18:37 of 1st period - Minor Penalty to Jonathan Racine for Holding.
18:38 of 1st period - Jared McCann wins face-off versus Nico Hischier in Eagles zone.
18:38 of 1st period - Jared McCann is hit by Martin Frk.
18:50 of 1st period - Slapshot by Lucas Lessio.
18:50 of 1st period - Stopped by Adin Hill without a rebound.
18:51 of 1st period - Jared McCann wins face-off versus Nico Hischier in Eagles zone.
19:20 of 1st period - Slapshot by Sonny Milano.
19:20 of 1st period - Shot Misses the Net.
Goals for this period are 1 for Griffins vs 0 for Eagles.
Shots for this period are 11 for Griffins vs 6 for Eagles.
2nd period
0:01 of 2nd period - Jared McCann wins face-off versus Nico Hischier in neutral zone.
0:10 of 2nd period - Slapshot by Jared McCann.
0:10 of 2nd period - Shot Misses the Net.
0:37 of 2nd period - Penalty to Jonathan Racine is over, Jonathan Racine is back on ice.
0:55 of 2nd period - Snap shot by Tyler Motte.
0:55 of 2nd period - Shot Misses the Net.
1:07 of 2nd period - Wrist shot by Tyler Motte.
1:07 of 2nd period - Stopped by Adam Werner with a rebound.
1:09 of 2nd period - Slapshot by Ryan Murphy.
1:09 of 2nd period - Stopped by Adam Werner without a rebound.
1:10 of 2nd period - Jared McCann wins face-off versus Nico Hischier in Griffins zone.
1:17 of 2nd period - Snap shot by Jared McCann.
1:17 of 2nd period - Shot Blocked by Ryan Pulock.
1:56 of 2nd period - Joseph Blandisi is hit by Klim Kostin and loses puck.
2:41 of 2nd period - Backhand shot by Sonny Milano.
2:41 of 2nd period - Stopped by Adin Hill with a rebound.
2:59 of 2nd period - Ryan Pulock is hit by Pius Suter and loses puck.
3:23 of 2nd period - Off-side.
3:24 of 2nd period - Jared McCann wins face-off versus Christoffer Ehn in neutral zone.
3:27 of 2nd period - Ryan Pulock is hit by Jonathan Racine and loses puck.
4:12 of 2nd period - Snap shot by Jared McCann.
4:12 of 2nd period - Shot Misses the Net.
4:18 of 2nd period - Michael Carcone is hit by Klim Kostin and loses puck.
4:40 of 2nd period - Snap shot by Gabriel Vilardi.
4:40 of 2nd period - Shot Misses the Net.
4:42 of 2nd period - Backhand shot by Gabriel Vilardi.
4:42 of 2nd period - Shot Misses the Net.
4:44 of 2nd period - Snap shot by Gabriel Vilardi.
4:44 of 2nd period - Stopped by Adam Werner with a rebound.
4:46 of 2nd period - Wrist shot by Sam Steel.
4:46 of 2nd period - Shot Misses the Net.
5:24 of 2nd period - Keaton Middleton is hit by Riley Armstrong and loses puck.
5:54 of 2nd period - Off-side.
5:55 of 2nd period - Zach Aston-Reese wins face-off versus Christoffer Ehn in neutral zone.
6:02 of 2nd period - Slapshot by Ryan Murphy.
6:02 of 2nd period - Stopped by Adam Werner without a rebound.
6:03 of 2nd period - Gabriel Vilardi wins face-off versus Nico Hischier in Griffins zone.
6:16 of 2nd period - Snap shot by Sam Steel.
6:16 of 2nd period - Stopped by Adam Werner without a rebound.
6:17 of 2nd period - Nick Cousins wins face-off versus Nico Hischier in Griffins zone.
7:41 of 2nd period - Wrist shot by Daniel Carr.
7:41 of 2nd period - Stopped by Adam Werner without a rebound.
7:42 of 2nd period - Jared McCann wins face-off versus Christoffer Ehn in Griffins zone.
8:07 of 2nd period - Gabriel Vilardi is hit by Martin Frk and loses puck.
8:14 of 2nd period - Slapshot by Connor Carrick.
8:14 of 2nd period - Deflect By Gabriel Vilardi.
8:14 of 2nd period - Shot Misses the Net.
8:14 of 2nd period - Puck is out of play.
8:15 of 2nd period - Nico Hischier wins face-off versus Jared McCann in Griffins zone.
8:41 of 2nd period - Sebastian Ahaut is hit by Ryan Murphy and loses puck.
9:04 of 2nd period - Troy Terry is hit by Keaton Middleton and loses puck.
9:24 of 2nd period - Icing by Daniel Carr.
9:25 of 2nd period - Chris Calhan wins face-off versus Nico Hischier in Eagles zone.
9:35 of 2nd period - Snap shot by Martin Frk.
9:35 of 2nd period - Goal by Martin Frk - Griffins : 2 - Eagles : 0.
9:36 of 2nd period - Martin Frk wins face-off versus Michael Carcone in neutral zone.
9:43 of 2nd period - Slapshot by Chris Bigras.
9:43 of 2nd period - Deflect By Lucas Lessio.
9:43 of 2nd period - Shot Misses the Net.
9:43 of 2nd period - Puck is out of play.
9:44 of 2nd period - Nick Cousins wins face-off versus Nico Hischier in Eagles zone.
9:49 of 2nd period - Slapshot by Jack Dougherty.
9:49 of 2nd period - Shot Misses the Net.
10:15 of 2nd period - Off-side.
10:16 of 2nd period - Christoffer Ehn wins face-off versus Sam Steel in neutral zone.
10:25 of 2nd period - Slapshot by Sonny Milano.
10:25 of 2nd period - Shot Blocked by Keaton Middleton.
10:43 of 2nd period - Michael Carcone is hit by Lucas Lessio and loses puck.
12:15 of 2nd period - Snap shot by Riley Armstrong.
12:15 of 2nd period - Stopped by Adin Hill with a rebound.
12:17 of 2nd period - Slapshot by Nils Lundkvist.
12:17 of 2nd period - Stopped by Adin Hill with a rebound.
12:45 of 2nd period - Minor Penalty to Nils Lundkvist for Hooking.
12:46 of 2nd period - Riley Armstrong wins face-off versus Zach Aston-Reese in Griffins zone.
13:17 of 2nd period - Slapshot by Ryan Murphy.
13:17 of 2nd period - Shot Misses the Net.
13:27 of 2nd period - Martin Frk is hit by Gabriel Vilardi and loses puck.
14:38 of 2nd period - Jonathan Racine is hit by Robbie Russo and loses puck.
14:45 of 2nd period - Penalty to Nils Lundkvist is over, Nils Lundkvist is back on ice.
14:53 of 2nd period - Brendan Leipsic is hit by Pius Suter.
14:58 of 2nd period - Off-side.
14:59 of 2nd period - Christoffer Ehn wins face-off versus Pius Suter in neutral zone.
15:08 of 2nd period - Snap shot by Christoffer Ehn.
15:08 of 2nd period - Shot Blocked by Daniel Carr.
15:10 of 2nd period - Slapshot by Ryan Pulock.
15:10 of 2nd period - Deflect By Morgan Geekie.
15:10 of 2nd period - Shot Blocked by Mattias Samuelsson.
15:10 of 2nd period - Puck is out of play.
15:11 of 2nd period - Riley Armstrong wins face-off versus Zach Aston-Reese in Eagles zone.
15:24 of 2nd period - Wrist shot by Riley Armstrong.
15:24 of 2nd period - Deflect By Klim Kostin.
15:24 of 2nd period - Stopped by Adin Hill with a rebound.
15:36 of 2nd period - Chris Bigras is hit by Connor Carrick and loses puck.
16:03 of 2nd period - Snap shot by Joseph Blandisi.
16:03 of 2nd period - Shot Misses the Net.
16:05 of 2nd period - Slapshot by Keaton Middleton.
16:05 of 2nd period - Stopped by Adam Werner without a rebound.
16:06 of 2nd period - Jared McCann wins face-off versus Nico Hischier in Griffins zone.
16:11 of 2nd period - Snap shot by Nick Cousins.
16:11 of 2nd period - Stopped by Adam Werner with a rebound.
16:50 of 2nd period - Wrist shot by Troy Terry.
16:50 of 2nd period - Stopped by Adin Hill with a rebound.
16:58 of 2nd period - Slapshot by Zach Aston-Reese.
16:58 of 2nd period - Shot Misses the Net.
17:00 of 2nd period - Slapshot by Tyler Motte.
17:00 of 2nd period - Stopped by Adam Werner with a rebound.
17:50 of 2nd period - Jack Studnicka is hit by Gabriel Vilardi and loses puck.
17:55 of 2nd period - Snap shot by Joseph Blandisi.
17:55 of 2nd period - Stopped by Adam Werner with a rebound.
17:57 of 2nd period - Slapshot by Ryan Murphy.
17:57 of 2nd period - Stopped by Adam Werner without a rebound.
17:58 of 2nd period - Nico Hischier wins face-off versus Sam Steel in Griffins zone.
18:03 of 2nd period - Nico Hischier is hit by Sam Steel and loses puck.
18:23 of 2nd period - Icing by Sam Steel.
18:24 of 2nd period - Sam Steel wins face-off versus Christoffer Ehn in Eagles zone.
18:49 of 2nd period - Connor Carrick is hit by Martin Frk and loses puck.
19:41 of 2nd period - Off-side.
19:42 of 2nd period - Riley Armstrong wins face-off versus Jared McCann in neutral zone.
Goals for this period are 1 for Griffins vs 0 for Eagles.
Shots for this period are 6 for Griffins vs 11 for Eagles.
3rd period
0:01 of 3rd period - Martin Frk wins face-off versus Jared McCann in neutral zone.
0:14 of 3rd period - Snap shot by Martin Frk.
0:14 of 3rd period - Stopped by Adin Hill with a rebound.
0:16 of 3rd period - Slapshot by Nico Hischier.
0:16 of 3rd period - Shot Misses the Net.
0:26 of 3rd period - Chris Bigras is hit by Gabriel Vilardi and loses puck.
0:33 of 3rd period - Wrist shot by Joseph Blandisi.
0:33 of 3rd period - Stopped by Adam Werner without a rebound.
0:34 of 3rd period - Gabriel Vilardi wins face-off versus Nico Hischier in Griffins zone.
0:35 of 3rd period - Wrist shot by Joseph Blandisi.
0:35 of 3rd period - Shot Misses the Net.
0:37 of 3rd period - Slapshot by Keaton Middleton.
0:37 of 3rd period - Stopped by Adam Werner with a rebound.
0:39 of 3rd period - Slapshot by Connor Carrick.
0:39 of 3rd period - Shot Blocked by Ryan Pulock.
0:41 of 3rd period - Slapshot by Connor Carrick.
0:41 of 3rd period - Shot Misses the Net.
0:43 of 3rd period - Wrist shot by Gabriel Vilardi.
0:43 of 3rd period - Goal by Gabriel Vilardi - Griffins : 2 - Eagles : 1.
0:44 of 3rd period - Nico Hischier wins face-off versus Jared McCann in neutral zone.
0:51 of 3rd period - Slapshot by Ryan Murphy.
0:51 of 3rd period - Stopped by Adam Werner with a rebound.
1:09 of 3rd period - Filip Hronek is hit by Jack Dougherty and loses puck.
1:37 of 3rd period - Riley Armstrong is hit by Pius Suter and loses puck.
2:14 of 3rd period - Wrist shot by Nick Cousins.
2:14 of 3rd period - Stopped by Adam Werner with a rebound.
2:32 of 3rd period - Minor Penalty to Jonathan Racine for Holding.
2:33 of 3rd period - Jared McCann wins face-off versus Nico Hischier in Eagles zone.
2:41 of 3rd period - Slapshot by Filip Hronek.
2:41 of 3rd period - Stopped by Adin Hill with a rebound.
2:43 of 3rd period - Wrist shot by Nico Hischier.
2:43 of 3rd period - Stopped by Adin Hill with a rebound.
2:45 of 3rd period - Slapshot by Nils Lundkvist.
2:45 of 3rd period - Stopped by Adin Hill without a rebound.
2:46 of 3rd period - Nico Hischier wins face-off versus Jared McCann in Eagles zone.
2:49 of 3rd period - Snap shot by Martin Frk.
2:49 of 3rd period - Goal by Martin Frk - Griffins : 3 - Eagles : 1.
2:50 of 3rd period - Nico Hischier wins face-off versus Jared McCann in neutral zone.
2:55 of 3rd period - Snap shot by Martin Frk.
2:55 of 3rd period - Shot Misses the Net.
3:43 of 3rd period - Wrist shot by Riley Armstrong.
3:43 of 3rd period - Shot Misses the Net.
4:19 of 3rd period - Connor Carrick is hit by Ian McCoshen and loses puck.
4:30 of 3rd period - Wrist shot by Jared McCann.
4:30 of 3rd period - Stopped by Adam Werner without a rebound.
4:31 of 3rd period - Sam Steel wins face-off versus Nico Hischier in Griffins zone.
4:44 of 3rd period - Snap shot by Joseph Blandisi.
4:44 of 3rd period - Shot Misses the Net.
5:02 of 3rd period - Slapshot by Daniel Carr.
5:02 of 3rd period - Shot Blocked by Nils Lundkvist.
5:04 of 3rd period - Slapshot by Jonathan Racine.
5:04 of 3rd period - Stopped by Adam Werner without a rebound.
5:05 of 3rd period - Pius Suter wins face-off versus Christoffer Ehn in Griffins zone.
6:06 of 3rd period - Slapshot by Chris Bigras.
6:06 of 3rd period - Deflect By Riley Armstrong.
6:06 of 3rd period - Stopped by Adin Hill with a rebound.
6:44 of 3rd period - Snap shot by Troy Terry.
6:44 of 3rd period - Shot Blocked by Jonathan Racine.
6:59 of 3rd period - Icing by Jonathan Racine.
7:00 of 3rd period - Nico Hischier wins face-off versus Pius Suter in Eagles zone.
7:12 of 3rd period - Wrist shot by Daniel Carr.
7:12 of 3rd period - Goal by Daniel Carr - Griffins : 3 - Eagles : 2.
7:13 of 3rd period - Nico Hischier wins face-off versus Jared McCann in neutral zone.
7:22 of 3rd period - Wrist shot by Martin Frk.
7:22 of 3rd period - Stopped by Adin Hill with a rebound.
7:24 of 3rd period - Snap shot by Nico Hischier.
7:24 of 3rd period - Stopped by Adin Hill with a rebound.
7:57 of 3rd period - Snap shot by Brendan Leipsic.
7:57 of 3rd period - Shot Misses the Net.
7:59 of 3rd period - Backhand shot by Ian McCoshen.
7:59 of 3rd period - Stopped by Adin Hill without a rebound.
8:00 of 3rd period - Jack Studnicka wins face-off versus Zach Aston-Reese in Eagles zone.
8:22 of 3rd period - Jared McCann is hit by Lucas Lessio and loses puck.
8:29 of 3rd period - Robbie Russo is hit by Jack Dougherty and loses puck.
8:44 of 3rd period - Wrist shot by Sonny Milano.
8:44 of 3rd period - Deflect By Christoffer Ehn.
8:44 of 3rd period - Stopped by Adin Hill with a rebound.
9:50 of 3rd period - Slapshot by Sam Steel.
9:50 of 3rd period - Stopped by Adam Werner with a rebound.
10:08 of 3rd period - Snap shot by Matteson Iacopelli.
10:08 of 3rd period - Stopped by Adam Werner with a rebound.
10:10 of 3rd period - Slapshot by Matteson Iacopelli.
10:10 of 3rd period - Shot Misses the Net.
10:12 of 3rd period - Wrist shot by Matteson Iacopelli.
10:12 of 3rd period - Shot Misses the Net.
10:14 of 3rd period - Snap shot by Jonathan Racine.
10:14 of 3rd period - Shot Misses the Net.
10:48 of 3rd period - Ryan Pulock is hit by Jonathan Racine.
10:58 of 3rd period - Ryan Pulock is hit by Tyler Motte and loses puck.
11:15 of 3rd period - Riley Armstrong is hit by Jared McCann and loses puck.
11:22 of 3rd period - Michael Carcone is hit by Riley Armstrong and loses puck.
11:31 of 3rd period - Minor Penalty to Klim Kostin for Hooking.
11:32 of 3rd period - Zach Aston-Reese wins face-off versus Riley Armstrong in Griffins zone.
11:43 of 3rd period - Wrist shot by Nick Cousins.
11:43 of 3rd period - Stopped by Adam Werner without a rebound.
11:44 of 3rd period - Jared McCann wins face-off versus Riley Armstrong in Griffins zone.
11:51 of 3rd period - Wrist shot by Gabriel Vilardi.
11:51 of 3rd period - Shot Blocked by Riley Armstrong.
11:53 of 3rd period - Slapshot by Gabriel Vilardi.
11:53 of 3rd period - Goal by Gabriel Vilardi - Griffins : 3 - Eagles : 3.
11:54 of 3rd period - Nico Hischier wins face-off versus Jared McCann in neutral zone.
12:05 of 3rd period - Michael Carcone is hit by Lucas Lessio and loses puck.
12:20 of 3rd period - Ryan Pulock is hit by Jack Dougherty and loses puck.
12:32 of 3rd period - Sonny Milano is hit by Ryan Murphy.
12:46 of 3rd period - Chris Bigras is hit by Zach Aston-Reese and loses puck.
12:58 of 3rd period - Off-side.
12:59 of 3rd period - Jared McCann wins face-off versus Nico Hischier in neutral zone.
13:06 of 3rd period - Wrist shot by Lucas Lessio.
13:06 of 3rd period - Stopped by Adin Hill with a rebound.
13:08 of 3rd period - Snap shot by Lucas Lessio.
13:08 of 3rd period - Stopped by Adin Hill with a rebound.
13:24 of 3rd period - Connor Carrick is hit by Morgan Geekie and loses puck.
13:33 of 3rd period - Keaton Middleton is hit by Christoffer Ehn and loses puck.
14:32 of 3rd period - Backhand shot by Chris Bigras.
14:32 of 3rd period - Stopped by Adin Hill with a rebound.
15:44 of 3rd period - Off-side.
15:45 of 3rd period - Jared McCann wins face-off versus Christoffer Ehn in neutral zone.
15:54 of 3rd period - Michael Carcone is hit by Lucas Lessio and loses puck.
16:30 of 3rd period - Wrist shot by Martin Frk.
16:30 of 3rd period - Shot Misses the Net.
16:40 of 3rd period - Snap shot by Jared McCann.
16:40 of 3rd period - Shot Hit the Post.
16:44 of 3rd period - Wrist shot by Nick Cousins.
16:44 of 3rd period - Shot Blocked by Robbie Russo.
16:46 of 3rd period - Slapshot by Connor Carrick.
16:46 of 3rd period - Stopped by Adam Werner with a rebound.
16:48 of 3rd period - Slapshot by Connor Carrick.
16:48 of 3rd period - Shot Blocked by Robbie Russo.
16:50 of 3rd period - Snap shot by Nick Cousins.
16:50 of 3rd period - Stopped by Adam Werner with a rebound.
16:52 of 3rd period - Snap shot by Jared McCann.
16:52 of 3rd period - Shot Misses the Net.
16:54 of 3rd period - Snap shot by Keaton Middleton.
16:54 of 3rd period - Deflect By Michael Carcone.
16:54 of 3rd period - Goal by Michael Carcone - Griffins : 3 - Eagles : 4.
16:55 of 3rd period - Zach Aston-Reese wins face-off versus Riley Armstrong in neutral zone.
17:03 of 3rd period - Wrist shot by Zach Aston-Reese.
17:03 of 3rd period - Shot Misses the Net.
17:05 of 3rd period - Snap shot by Tyler Motte.
17:05 of 3rd period - Stopped by Adam Werner with a rebound.
17:07 of 3rd period - Slapshot by Jack Dougherty.
17:07 of 3rd period - Stopped by Adam Werner with a rebound.
17:09 of 3rd period - Slapshot by Ryan Murphy.
17:09 of 3rd period - Deflect By Zach Aston-Reese.
17:09 of 3rd period - Stopped by Adam Werner with a rebound.
17:11 of 3rd period - Slapshot by Matteson Iacopelli.
17:11 of 3rd period - Stopped by Adam Werner with a rebound.
18:25 of 3rd period - Snap shot by Matteson Iacopelli.
18:25 of 3rd period - Stopped by Adam Werner without a rebound.
18:26 of 3rd period - Jared McCann wins face-off versus Christoffer Ehn in Griffins zone.
18:39 of 3rd period - Slapshot by Jared McCann.
18:39 of 3rd period - Shot Blocked by Ian McCoshen.
18:41 of 3rd period - Snap shot by Jared McCann.
18:41 of 3rd period - Shot Misses the Net.
19:00 of 3rd period - Sebastian Ahaut is hit by Jared McCann.
19:08 of 3rd period - Griffins, Adam Werner is pulled from the net.
19:49 of 3rd period - Slapshot by Lucas Lessio.
19:49 of 3rd period - Shot Blocked by Jared McCann.
19:51 of 3rd period - Snap shot by Lucas Lessio.
19:51 of 3rd period - Shot Misses the Net.
19:53 of 3rd period - Snap shot by Sebastian Ahaut.
19:53 of 3rd period - Shot Blocked by Nick Cousins.
19:55 of 3rd period - Wrist shot by Martin Frk.
19:55 of 3rd period - Shot Misses the Net.
19:57 of 3rd period - Snap shot by Ian McCoshen.
19:57 of 3rd period - Stopped by Adin Hill without a rebound.
19:58 of 3rd period - Kirk Muller call a timeout for Griffins.
19:58 of 3rd period - Nico Hischier wins face-off versus Jared McCann in Eagles zone.
Goals for this period are 1 for Griffins vs 4 for Eagles.
Shots for this period are 14 for Griffins vs 20 for Eagles.